 Dungeon Crawl Stone Soup version 0.29.1-15-g9cfb28693d (webtiles) character file.

Game seed: 16956168925448989536

23 hawla the Firebug (level 3, -1/26 HPs)
             Began as a Meteoran Fire Elementalist on Apr 5, 2023.
             Slain by an adder (3 damage)
             ... on level 2 of the Dungeon.
             The game lasted 00:02:13 (342 turns).

hawla the Firebug (Meteoran Fire Elementalist)       Turns: 342, Time: 00:02:14

Health: -1/26      AC:  2    Str:  9    XL:     3   Next: 29%
Magic:  5/8        EV: 12    Int: 19    God:
Gold:   21         SH:  0    Dex: 14    Spells: 5/8 levels left

rFire   . . .      SeeInvis .   (no weapon)
rCold   . . .      Faith    .   (no shield)
rNeg    . . .      Spirit   .   a - +0 robe
rPois   .          Reflect  .   (no helmet)
rElec   .          Harm     .   (no cloak)
rCorr   .          Rampage  .   (no gloves)
Will    .....                   (no boots)
Stlth   +.........              (no amulet)
HPRegen 0.08/turn               (no ring)
MPRegen 0.11/turn               (no ring)

@: lethally poisoned (-1 -> -4), very slightly contaminated, glowing
A: sense surroundings 1, otherworldly, glowing, explore regen
a: no special abilities


You were on level 2 of the Dungeon.
You visited 1 branch of the dungeon, and saw 2 of its levels.

You collected 21 gold pieces.

Inventory:

Armour
 a - a +0 robe (worn)
Potions
 c - a potion of lignification {unknown}


   Skills:
 + Level 2.6 Dodging
 - Level 1.4 Stealth
 + Level 3.1 Spellcasting
 + Level 1.8 Conjurations
 + Level 4.3 Fire Magic


You had 5 spell levels left.
You knew the following spells:

 Your Spells              Type           Power      Damage    Failure   Level
a - Foxfire               Conj/Fire      56%        2x1d6     4%          1
b - Scorch                Fire           38%        2d7       3%          2

Your spell library contained the following spells:

 Spells                   Type           Power      Damage    Failure   Level
 Conjure Flame            Conj/Fire      14%        6-21      13%         3
 Inner Flame              Hex/Fire       11%        N/A       19%         3
 Flame Wave               Conj/Fire      14%        2d6       38%         4


Dungeon Overview and Level Annotations

Branches:
Dungeon (2/15) Zot: 858

Altars:


Innate Abilities, Weirdness & Mutations

You passively map a small area around you.
You are easily found by Zot.
You glow in the dark.
You regain HP and MP as you explore.


Message History

Confirm with . or Enter, or press ? or * to list all spells.
You conjure some foxfire!
The ball python misses you. x2
Casting: Foxfire (safe; 4% risk of failure)
Confirm with . or Enter, or press ? or * to list all spells.
Flames lash the ball python.
You kill the ball python!
The foxfire hits the adder.
The adder is lightly wounded.
The foxfire hits the adder.
The adder is moderately wounded.
Casting: Scorch (safe; 3% risk of failure)
Confirm with . or Enter, or press ? or * to list all spells.
You don't have enough magic to cast this spell.
Magic courses through your body. The adder bites you.
Casting: Scorch (safe; 3% risk of failure)
Confirm with . or Enter, or press ? or * to list all spells.
You conjure some foxfire!
The adder completely misses you. The adder bites you.
The adder closely misses you. The adder barely misses you.
Casting: Foxfire (safe; 4% risk of failure)
Confirm with . or Enter, or press ? or * to list all spells.
You miscast Scorch.
You are very lightly contaminated with residual magic.
Nothing appears to happen.
The foxfire hits the adder but does no damage.
The adder is moderately wounded.
The foxfire hits the adder.
The adder is heavily wounded.
The adder bites you. x2
* * * LOW HITPOINT WARNING * * *
You are poisoned.
The adder poisons you!
Casting: Scorch (safe; 3% risk of failure)
Confirm with . or Enter, or press ? or * to list all spells.
You conjure some foxfire!
* * * LOW HITPOINT WARNING * * *
You feel sick. The adder bites you.
* * * LOW HITPOINT WARNING * * *
The adder bites you but does no damage. The adder attacks as you move away!
The adder bites you.
You die...

#*.##.##.*### #...# *,**,**,**
##.##..#.##.# #...# *,**,**,**
#.#*...##.#.###...#####*,,,,,,,**
#.###..##.#...........#****,*****
....#..#...............,,,,,* *,,
.##.#..#.##...........#***,,* *,*
.##.#....†..###...##### *,,* *,*
.......#.######v..### *,,* *,*
###.#.##§# #.v@...# **,,***,*
*.....##.# #.)SS#.# *,,,,,*,,
#.###.##.#***#.#.##.# ***,,,*,*,,
..* #....#*,......*,# *,,,,,,,*,,
#,**#.####*.##..#.#,* *,*,,,,,,,*
,,,,..# #,,...,..,* *,*,,**,***
*,***## *,,.?.,...* *,*,,,,,,,,
,** ***,,...,...* *,*,,,,,*** **
*,,,,,,,,,,,* *,*****,* *


You could see 2 adders.

Vanquished Creatures
  A bat (D:1)
  2 endoplasms
  3 goblins (D:1)
  5 hobgoblins
  4 ball pythons
  2 kobolds
  3 rats
20 creatures vanquished.

Vanquished Creatures (others)
  43 foxfires
43 creatures vanquished.

Grand Total: 63 creatures vanquished

Notes
Turn   | Place    | Note
-------+----------+-------------------------------------------
     0 | D:1      | hawla the Meteoran Fire Elementalist began the quest for
                  | the Orb.
     0 | D:1      | Reached XP level 1. HP: 14/14 MP: 5/5
    30 | D:1      | Reached skill level 4 in Fire Magic
    30 | D:1      | Reached XP level 2. HP: 17/20 MP: 2/6
    33 | D:1      | Learned a level 2 spell: Scorch
   298 | D:2      | HP: 1/20 [frozen (1)]
   319 | D:2      | Reached XP level 3. HP: 10/26 MP: 3/8
   342 | D:2      | Slain by an adder

Illustrated notes

Levels and vault maps discovered:
D:1:      dpeg_arrival_morbid_curiosity, layout_basic,
          chequers_hall_statues_wall_a
D:2:      layout_loops_cross, ebering_ecumenical_altar_rust, grunt_decor_clamped

Skill      XL: |  1  2 |
---------------+-------+-----
Fire Magic     | 4 |  4.3
Spellcasting   | 3 |  3.1
Dodging        | |  2.6
Stealth        | |  1.4
Conjurations   | |  1.8

Action                   || total
-------------------------++-------
Melee: Unarmed           ||    19
       Punch             ||     1
 Cast: Foxfire           ||    26
       Scorch            ||     6
  Use: Scroll            ||     2
       Potion            ||     1
Armor: Robe              ||     5
Dodge: Dodged            ||    20
